Map: Inside and Out

Players

Astrea - Winner!

  • Race: Protoss Protoss
  • Spawn Location: 1:00

DRG

  • Race: Zerg Zerg
  • Spawn Location: 7:00

Event: DreamHack SC2 Masters 2022 Atlanta (Offline)

VOD

Have the link to the VOD?

Description

Time

  • Played on: Nov. 18, 2022, 7:52 p.m.
  • Length: 5:35

All games in this series

Show
View Real Time Build Order
Export as new Build Order

Astrea Protoss - Winner!

Build Orders: 1 Gate Expand 

Get SALT Encoding   

  12  0:00  Probe  
  13  0:12  Probe  
  14  0:17  Pylon  
  14  0:24  Probe (Chrono Boost)  
  15  0:36  Probe (Chrono Boost)  
  16  0:42  Gateway  
  16  0:45  Probe (Chrono Boost)  
  16  0:49  Assimilator  
  17  0:51  Probe  
  18  1:03  Probe  
  19  1:15  Probe  
  20  1:25  Nexus  
  20  1:29  Probe  
  21  1:39  Cybernetics Core  
  21  1:43  Probe  
  22  1:49  Pylon  
  22  1:55  Probe  
  23  2:07  Probe  
  24  2:12  Adept (Chrono Boost)  
  26  2:18  Robotics Facility  
  26  2:20  Probe  
  27  2:26  Warp Gate  
  27  2:32  Probe  
  27  2:34  Stalker (Chrono Boost)  
  30  2:38  Probe  
  31  2:44  Probe  
  31  2:50  Probe  
  33  2:56  Probe  
  33  2:58  Gateway x2  
  34  3:02  Probe  
  34  3:04  Warp Prism (Chrono Boost)  
  35  3:11  Probe  
  38  3:19  Gateway  
  38  3:30  Immortal (Chrono Boost)  
  42  3:36  Gateway  
  42  3:38  Gateway  
  42  3:43  Gateway  
  42  3:47  Pylon  
  42  3:52  Pylon  
  42  4:05  Pylon  
  42  4:17  Zealot x4  
  50  4:25  Pylon  
  50  4:34  Zealot x3  
  50  4:37  Zealot x3  
  62  4:38  Zealot  
  64  4:46  Pylon  
  64  4:55  Zealot x3  
  64  4:59  Zealot x3  
  68  5:03  Zealot  
  60  5:15  Zealot x4  
  64  5:21  Zealot x2  
  64  5:26  Zealot  
Show
View Real Time Build Order
Export as new Build Order

DRG Zerg 

Build Orders: Hatch First 

Get SALT Encoding   

  12  0:00  Drone  
  13  0:12  Overlord  
  13  0:17  Drone  
  14  0:30  Drone x2  
  14  0:34  Drone  
  17  0:51  Hatchery  
  17  0:54  Drone  
  17  0:57  Drone  
  18  1:08  Extractor  
  17  1:12  Spawning Pool  
  17  1:16  Drone  
  17  1:18  Drone  
  18  1:28  Drone  
  19  1:38  Drone  
  20  1:49  Drone  
  21  2:00  Overlord  
  21  2:02  Queen  
  21  2:03  Queen  
  21  2:04  Zergling x2  
  26  2:10  Zergling x2  
  26  2:12  Metabolic Boost  
  26  2:14  Zergling x2  
  28  2:21  Drone  
  29  2:25  Drone  
  30  2:32  Drone  
  30  2:36  Drone  
  32  2:41  Hatchery  
  31  2:44  Queen  
  31  2:49  Overlord  
  33  2:51  Drone  
  33  2:56  Drone  
  35  3:07  Queen  
  35  3:08  Drone  
  35  3:09  Drone  
  35  3:10  Drone  
  35  3:12  Drone x2  
  42  3:14  Drone  
  42  3:19  Drone  
  44  3:26  Overlord  
  44  3:30  Overlord  
  44  3:43  Queen  
  44  3:45  Drone x6  
  52  3:52  Drone x3  
  52  3:53  Drone x2  
  57  3:59  Baneling Nest  
  56  4:03  Zergling x6  
  56  4:07  Queen  
  56  4:08  Extractor  
  60  4:12  Zergling x2  
  60  4:17  Zergling x10  
  65  4:25  Overlord  
  65  4:26  Zergling x2, Overlord, Spine Crawler  
  65  4:33  Overlord  
  65  4:41  Overlord  
  65  4:42  Baneling x5  
  65  4:46  Zergling x10  
  65  4:49  Zergling x2  
  69  4:59  Zergling x14  
  67  5:02  Baneling x4  
  67  5:06  Zergling x4  
  66  5:10  Zergling x4  
Tags
 
Add a new tag
Caveats
  • Supply blocks, unpowered buildings, or Contaminate may cause inaccurate times.
  • Supply counts are checked every 10 seconds.